 Dungeon Crawl Stone Soup version 0.21.1-1-g345015f (webtiles) character file.

821 Fang the Chopper (level 7, -1/44 HPs)
             Began as a Gargoyle Berserker on June 7, 2018.
             Was a Priest of Trog.
             Slain by a crimson imp (2 damage)
             ... on level 5 of the Dungeon.
             The game lasted 00:05:59 (5800 turns).

Fang the Chopper (Gargoyle Berserker)               Turns: 5800, Time: 00:05:59

Health: -1/44      AC:  8    Str: 22    XL:     7   Next: 95%
Magic:  7/7        EV: 13    Int:  8    God:    Trog [***...]
Gold:   242        SH:  0    Dex:  9    Spells: 6/6 levels left

rFire    . . .     SeeInvis .   a - +1 hand axe
rCold    . . .     Gourm    .   (no shield)
rNeg     + . .     Faith    .   b - +1 animal skin
rPois    ∞         Spirit   .   (no helmet)
rElec    +         Reflect  .   (no cloak)
rCorr    .         Harm     .   (no gloves)
MR       .....                  (no boots)
Stlth    ++........             (no amulet)
HPRegen  0.14/turn              (no ring)
MPRegen  0.10/turn              (no ring)

@: very slightly contaminated, starving
A: camouflage 1, negative energy resistance 1, sense surroundings 1, electricity
resistance, unbreathing, petrification resistance, rot immunity, AC +4
a: Berserk, Trog's Hand, Burn Spellbooks, Renounce Religion


You were on level 5 of the Dungeon.
You worshipped Trog.
Trog was most pleased with you.
You were starving.

You visited 1 branch of the dungeon, and saw 6 of its levels.

You collected 242 gold pieces.

Inventory:

Hand Weapons
 a - a +1 hand axe (weapon)
Armour
 b - a +1 animal skin (worn)
Wands
 o - a wand of iceblast (5)
Scrolls
 c - 2 scrolls of fog
 d - a scroll of identify
 h - 2 scrolls of enchant armour
Potions
 e - a potion of mutation
 f - 4 potions of curing {unknown}
 g - 2 potions of brilliance
 k - a potion of magic
 p - a potion of haste
 r - a potion of heal wounds
 s - a potion of degeneration {unknown}
 u - a potion of lignification {unknown}
 v - a potion of cancellation {unknown}
Comestibles
 q - a ration


   Skills:
 + Level 5.4 Fighting
 + Level 6.3 Axes
 + Level 2.3 Armour
 + Level 3.5 Dodging
 + Level 1.3 Stealth


You had 6 spell levels left.
You didn't know any spells.

Dungeon Overview and Level Annotations

Branches:
Dungeon (6/15)
 Temple: D:4-7

Altars:
Ru
Uskayaw
Yredelemnul


Innate Abilities, Weirdness & Mutations

You are resistant to torment.
Your stone body is resilient. (AC +4)
You are immune to poison.
You resist negative energy. (rN+)
You are resistant to electric shocks. (rElec)
You can survive without breathing.
You are immune to petrification.
You are immune to rotting.
Your skin changes colour to match your surroundings (Stealth+).
You passively map a small area around you.


Message History

The crimson imp hits you but does no damage.
You closely miss the crimson imp. The crimson imp misses you.
You closely miss the crimson imp. The crimson imp closely misses you.
You feel extremely strange.
You feel a strange attunement to the structure of the dungeons.
Your skin functions as natural camouflage.
The crimson imp hits you.
* * * LOW HITPOINT WARNING * * *
You barely miss the crimson imp.
The crimson imp hits you but does no damage.
You hit the crimson imp.
The crimson imp is heavily wounded.
The crimson imp barely misses you.
You hit the crimson imp.
The crimson imp is severely wounded.
The crimson imp barely misses you.
You barely miss the crimson imp.
The crimson imp is severely wounded.
The crimson imp hits you.
You die...

# #...#.......# ##..........#
######.........# ########
#...##.........# #......###
....###........# #........#
.....##.......## ##........#
.....###...<..####§§.......##
......#.#####...##§§§.......#
.......## ###.@5§§5......##
......## ###§§§.......#
......# ##§§.......# ......#
#........## ......#
#.........# .....##
#...##.#..# .....#
##..#####.## ....## ####..#
#..# ....# ###.....### ####


You could see a crimson imp.

Vanquished Creatures
  An ice beast (D:6)
  An ogre (D:5)
  A phantom (D:4)
  A bullfrog (D:3)
  A howler monkey (D:4)
  A crimson imp (D:5)
  A bullfrog zombie (D:6)
  2 hounds (D:4)
  Crazy Yiuf (D:4)
  A worker ant (D:4)
  An iguana (D:4)
  A hound skeleton (D:5)
  4 gnolls (D:3)
  10 adders
  2 oozes
  2 adder skeletons
  6 worms
  A dart slug (D:3)
  4 leopard geckos
  3 orcs (D:3)
  A giant cockroach (D:3)
  2 gnoll zombies (D:2)
  5 goblins
  7 hobgoblins
  7 jackals (D:1)
  5 quokkas
  A ball python (D:1)
  6 bats
  5 frilled lizards
  2 jackal skeletons (D:5)
  5 kobolds
  8 rats
99 creatures vanquished.

Notes
Turn   | Place    | Note
-------+----------+-------------------------------------------
     0 | D:1      | Fang the Gargoyle Berserker began the quest for the Orb.
     0 | D:1      | Reached XP level 1. HP: 14/14 MP: 1/1
   267 | D:1      | Reached XP level 2. HP: 17/19 MP: 2/2
   363 | D:1      | Reached skill level 3 in Axes
   647 | D:1      | Reached ** piety under Trog
   720 | D:1      | Reached XP level 3. HP: 24/24 MP: 3/3
  1048 | D:2      | Found a basalt altar of Yredelemnul.
  1324 | D:2      | Reached XP level 4. HP: 25/29 MP: 4/4
  2267 | D:3      | Reached skill level 4 in Axes
  2409 | D:3      | Reached XP level 5. HP: 31/33 MP: 5/5
  2454 | D:3      | Reached *** piety under Trog
  2676 | D:3      | Found a hide-covered altar of Uskayaw.
  3022 | D:3      | Reached XP level 6. HP: 25/39 MP: 6/6
  3631 | D:4      | Reached skill level 5 in Axes
  3892 | D:4      | Found a sacrificial altar of Ru.
  3985 | D:4      | Reached XP level 7. HP: 39/44 MP: 7/7
  4031 | D:4      | Found a runed door.
  4217 | D:4      | Reached skill level 5 in Fighting
  4762 | D:4      | Noticed Crazy Yiuf
  4765 | D:4      | Killed Crazy Yiuf
  4765 | D:4      | Reached skill level 1 in Stealth
  4854 | D:5      | Entered Level 5 of the Dungeon
  5104 | D:5      | Reached skill level 6 in Axes
  5749 | D:6      | HP: 1/66 [ice beast (10)]
  5769 | D:6      | HP: 2/44 [crimson imp (2)]
  5774 | D:5      | HP: 1/44 [crimson imp (1)]
  5791 | D:5      | HP: 2/44 [crimson imp (1)]
  5796 | D:5      | Gained mutation: You passively map a small area around you. [potion of mutation]
  5796 | D:5      | Gained mutation: Your skin changes colour to match your surroundings (Stealth+). [potion of mutation]
  5796 | D:5      | HP: 1/44 [crimson imp (2)]
  5800 | D:5      | Slain by a crimson imp

Skill      XL: |  1  2  3  4  5  6  7 |
---------------+----------------------+-----
Axes           | 3 4 5 6 |  6.3
Dodging        | 2 3 |  3.5
Fighting       | 4 5 |  5.4
Stealth        | 1 |  1.3
Armour         | |  2.3

Action                   |  1- 3 |  4- 6 |  7- 9 || total
-------------------------+-------+-------+-------++-------
Melee: Hand axe          |   142 |   255 |   138 ||   535
Invok: Berserk           |       |     3 |     3 ||     6
  Use: Scroll            |       |       |    13 ||    13
       Potion            |       |       |     1 ||     1
  Eat: Chunk             |       |     6 |     3 ||     9
       Ration            |       |     2 |     1 ||     3
Armor: Animal skin       |    63 |    85 |    45 ||   193
Dodge: Dodged            |    98 |   192 |    76 ||   366
